 Dungeon Crawl Stone Soup version 0.17-a0-1421-g95311d7 (console) character file.

88525 hyperkellhus the Unseen (level 15, -5/70 HPs)
             Began as a Felid Abyssal Knight on June 21, 2015.
             Was the Champion of Lugonu.
             Slain by a guardian serpent (9 damage)
             ... on level 2 of the Snake Pit on June 24, 2015.
             The game lasted 02:48:44 (64996 turns).

hyperkellhus the Unseen (Felid Abyssal Knight)     Turns: 64996, Time: 02:48:45

Health: -5/70      AC:  3    Str: 10    XL:     15   Next: 46%
Magic:  0/27       EV: 28    Int: 24    God:    Lugonu [******]
Gold:   598        SH:  0    Dex: 17    Spells: 7 memorised, 2 levels left
                                        Lives:  0   Deaths: 2

rFire  + . .     SeeInvis +       - Unarmed
rCold  + + .     Clarity  .     (armour unavailable)
rNeg   . . .     SustAt   .     (shield unavailable)
rPois  .         Gourm    .     (helmet unavailable)
rElec  .         Spirit   +     (cloak unavailable)
rCorr  .         Warding  .     (gloves unavailable)
rMut   .         Stasis   .     (boots unavailable)
MR     +++++                    r - amulet of guardian spirit
Stlth  +++++++++.               v - ring of Qeawn {rF+ rC+ MR+ Str+2 Int+2}
                                F - ring of the Mage {Wiz MR++ Int+3}

@: lethally poisoned (-5 -> -12), constricted, quick, almost entirely resistant
to hostile enchantments, incredibly stealthy
A: no armour, no weapons or thrown items, claws 1, fangs 3, see invisible,
carnivore 3, speed 1, shaggy fur 3, slow metabolism 1, sharp paws
a: Depart the Abyss, Bend Space, Banish, Corrupt, Enter the Abyss, Renounce
Religion


You were on level 2 of the Snake Pit.
You worshipped Lugonu.
Lugonu was exalted by your worship.
You were not hungry.

You visited 6 branches of the dungeon, and saw 32 of its levels.
You visited the Abyss 1 time.
You also visited: Ossuary and Bailey.

You collected 3832 gold pieces.
You spent 3234 gold pieces at shops.

Inventory:

Jewellery
 n - an uncursed ring of protection from fire
 r - an amulet of guardian spirit (around neck)
 v - the ring of Qeawn (right paw) {rF+ rC+ MR+ Str+2 Int+2}
   (You bought it in a shop on level 1 of the Orcish Mines)

   [ring of protection from fire]

   It affects your strength (+2).
   It affects your intelligence (+2).
   It protects you from fire.
   It protects you from cold.
   It affects your resistance to hostile enchantments.
 y - an uncursed amulet of the gourmand {unknown}
 C - a cursed amulet of inaccuracy {unknown}
 D - an uncursed ring of ice
 F - the ring of the Mage (left paw) {Wiz MR++ Int+3}
   (You bought it in a shop on level 1 of the Orcish Mines)

   [ring of wizardry]

   It improves your spell success rate.
   It affects your intelligence (+3).
   It affects your resistance to hostile enchantments.
 J - an uncursed amulet of rage {unknown}
 V - an uncursed amulet of resist mutation {unknown}
Magical devices
 j - a wand of fire (6)
 q - a wand of enslavement (12)
 s - a wand of paralysis (9)
 x - a wand of heal wounds (2)
 z - a wand of draining (9)
 E - a wand of fire (6)
 G - a wand of cold (4)
 L - a wand of cold (5)
 N - a wand of digging (5)
 P - a wand of disintegration (18)
Scrolls
 b - 8 scrolls of identify
 c - 15 scrolls of remove curse
 d - 7 scrolls of magic mapping
 h - a scroll of fog
 i - 4 scrolls of teleportation
 k - a scroll of fear
 T - 6 scrolls of amnesia
 W - 2 scrolls of blinking
Potions
 f - a potion of cancellation
 l - 3 potions of cure mutation
 t - 3 potions of berserk rage
 u - 3 potions of magic
 w - a potion of resistance
 A - 2 potions of haste
 H - 2 potions of might
 K - 4 potions of flight
 Q - a potion of lignification
 R - a potion of agility
 S - 2 potions of curing
 Y - 3 potions of brilliance
 Z - a potion of invisibility
Books
 I - the Almanac of Earthen Transmutation
   (You found it on level 1 of the Elven Halls)

   Spells                             Type                      Level
   a - Sticks to Snakes               Transmutation                2
   b - Ice Form                       Ice/Transmutation            4
   c - Petrify                        Transmutation/Earth          4
   d - Bolt of Magma                  Conjuration/Fire/Earth       5
   e - Blade Hands                    Transmutation                5
 O - a book of the Earth

   Spells                             Type                      Level
   a - Leda's Liquefaction            Hexes/Earth                  4
   b - Bolt of Magma                  Conjuration/Fire/Earth       5
   c - Statue Form                    Transmutation/Earth          6
   d - Iron Shot                      Conjuration/Earth            6
   e - Shatter                        Earth                        9
 X - a book of Dreams

   Spells                             Type                      Level
   a - Ensorcelled Hibernation        Hexes/Ice                    2
   b - Phase Shift                    Translocation                5
   c - Shadow Creatures               Summoning                    5
   d - Silence                        Hexes/Air                    5
   e - Mass Confusion                 Hexes                        6
   f - Darkness                       Hexes                        7
Miscellaneous
 U - a phantom mirror
Comestibles
 a - 13 meat rations
 p - 26 beef jerkies
 M - 9 slices of pizza


   Skills:
 - Level 11.0 Fighting
 - Level 15.0 Dodging
 - Level 20.0 Stealth
 - Level 15.0 Unarmed Combat
 + Level 7.4 Spellcasting
 - Level 14.0 Hexes
 - Level 4.0 Ice Magic
 - Level 12.0 Invocations


You had 2 spell levels left.
You knew the following spells:

 Your Spells              Type           Power        Failure   Level  Hunger
a - Ensorcelled Hibernat  Hex/Ice        ######       1%          2    None
c - Confuse               Hex            ######..     1%          3    None
d - Tukima's Dance        Hex            ######..     1%          3    None
i - Invisibility          Hex            ######..     1%          6    ######.
m - Mass Confusion        Hex            ######....   1%          6    ######.
n - Metabolic Englaciati  Hex/Ice        ######....   2%          5    #####..
A - Apportation           Tloc           #.........   4%          1    None


Dungeon Overview and Level Annotations

Branches:
Dungeon (15/15)            Temple (1/1) D:4            Lair (8/8) D:8
  Swamp (0/4) Lair:6        Snake (2/4) Lair:3        Slime (0/6) Lair:7
    Orc (4/4) D:11            Elf (2/3) Orc:3        Vaults (0/5) D:13
 Depths (0/5) D:15

Altars:
Ashenzari
Cheibriados
Dithmenos
Elyvilon
Fedhas
Gozag
Kikubaaqudgha
Makhleb
Nemelex Xobeh
Okawaru
Qazlal
Ru
Sif Muna
Trog
Vehumet
Xom
Yredelemnul
Zin
The Shining One
Beogh

Shops:
D:6 :   Orc:1 =   Orc:3 }   Orc:4 :*![?   Elf:1 (

Annotations:
D:2 exclusions: adder and 3 doors
D:4 exclusion: scorpion
Snake:2 exclusion: Roxanne, Roxanne
Abyss:1 Dowan, Eustachio, Pikel


Innate Abilities, Weirdness & Mutations

You cannot wear armour.
You are incapable of wielding weapons or throwing items.
You have sharp claws.
You have razor-sharp teeth.
You have supernaturally acute eyesight.
You are carnivorous and can eat meat at any time.
You cover ground quickly.
Your thick and shaggy fur keeps you warm (AC +3, rC+).
You have a slow metabolism.
Your sharp claws are effective at attacking unaware monsters.


Message History

The splash of poison hits the naga ritualist.
The naga ritualist is poisoned.
* * * LOW HITPOINT WARNING * * *
The naga warrior constricts you.
You hear a shout!
You mangle the naga warrior!!
You kill the naga warrior!
Lugonu accepts your kill.
You feel sick.
The naga ritualist hits you with a scimitar of venom.
* * * LOW HITPOINT WARNING * * *
You are lethally poisoned!
The naga ritualist grabs you.
* * * LOW HITPOINT WARNING * * *
The naga ritualist constricts you.
Unknown command.
Your attempt to break free from the naga ritualist fails, but you feel that another attempt might succeed.
* * * LOW HITPOINT WARNING * * *
You feel sick. The guardian serpent hits you!
You die...

#....###...[# #.....#....(. ..
#.....#...... #. #.....##.....
#.. ########...)..#.###.
#..##......#..)##.#...#.
###...........#.#.#......## #.N
##.........#.#.......# #N.
##...†@N....###........
##.|##.....S......#........#
####...#.....?.......#........#
......)#.............####.....#
#...†..!......[####..#..##.#
###.#..#.#####..S†....#.#...
######...N.....#....#.#...
#.........##.#...#...
##.....N.N#N÷######..


You could see a naga ritualist and a guardian serpent.

Vanquished Creatures
  Saint Roka (Orc:4)
  Rupert (Lair:6)
  A greater naga (Snake:2)
  A deep elf sorcerer (Elf:1)
  A stone giant (Orc:4)
  A deep elf death mage (Elf:2)
  A yaktaur captain (D:15)
  3 centaur warriors
  4 naga warriors
  A tengu warrior (D:15)
  19 dancing weapons
  3 anacondas
  6 shock serpents
  2 orc high priests
  2 large abominations (Elf:2)
  Sonja (D:13)
  23 deep elf knights
  A small abomination (Elf:2)
  A giant orange brain (D:15)
  A salamander mystic (Snake:2)
  2 hill giants
  2 unseen horrors
  6 deep elf summoners
  An unseen horror (shapeshifter) (Elf:2)
  2 ugly things
  13 deep elf conjurers
  A lindwurm (Lair:8)
  4 mana vipers
  2 manticores (D:15)
  5 orc knights
  A wolf spider (D:15)
  6 orc sorcerers
  4 griffons
  5 salamanders
  Maurice (D:9)
  14 black mambas
  2 elephants (Lair:3)
  2 centaur zombies
  A torpor snail (Lair:8)
  8 naga magi
  16 spiny frogs
  A gargoyle (D:15)
  A redback zombie (D:15)
  4 komodo dragons
  2 fire drakes (Lair:8)
  A demonic crawler (Elf:1)
  2 yaktaurs (D:15)
  9 deep elf priests
  2 freezing wraiths
  7 trolls
  9 polar bears
  A giant leech (Lair:8)
  2 raiju (Lair:8)
  48 blink frogs
  A two-headed ogre (shapeshifter) (Elf:1)
  11 slime creatures
  6 two-headed ogres
  6 boulder beetles
  A spriggan (Lair:7)
  A yak (shapeshifter) (Elf:2)
  A human (D:8)
  2 shadows (D:12)
  31 deep elf fighters
  6 basilisks
  A wraith (D:15)
  13 deep elf magi
  A trapdoor spider (D:13)
  62 yaks
  11 wargs
  8 vampire mosquitoes
  Menkaure (D:7)
  11 hippogriffs
  2 mottled dragons (D:13)
  4 hell hounds (Lair:8)
  28 wolves
  2 soldier ants
  5 sky beasts
  22 nagas
  Duvessa (D:7)
  17 water moccasins
  An ice beast (D:15)
  2 eyes of draining
  14 black bears
  31 orc warriors
  4 phantoms
  11 porcupines
  15 centaurs
  A necrophage (D:5)
  23 crocodiles
  20 ogres
  2 big kobolds
  A brain worm (shapeshifter) (D:14)
  25 giant frogs
  A brain worm (D:15)
  A wyvern skeleton (D:13)
  7 scorpions
  2 water moccasin zombies (Ossuary)
  A water moccasin skeleton (D:6)
  10 wights
  5 killer bees
  4 crimson imps
  An electric eel (Lair:6)
  A quasit (D:12)
  A wasp zombie (D:13)
  A human zombie (D:8)
  36 orc priests
  17 hounds
  7 jellies
  49 orc wizards
  A two-headed ogre zombie (D:9)
  Jessica (D:3)
  7 centaur skeletons
  A giant frog skeleton (D:12)
  Terence (D:2)
  14 iguanas
  14 worker ants
  22 sheep
  A big kobold zombie (Ossuary)
  2 mummies (Ossuary)
  2 hound zombies
  A hound skeleton (D:10)
  A worker ant zombie (D:5)
  7 gnolls
  43 river rats
  18 adders
  2 shadow imps
  12 white imps
  7 adder zombies (Ossuary)
  An adder skeleton (D:9)
  2 worms (D:3)
  5 giant geckos
  226 orcs
  2 bat skeletons
  A bat zombie (D:5)
  7 giant cockroaches
  29 hobgoblins
  19 jackals
  5 quokkas
  20 bats
  A giant gecko skeleton (D:7)
  A giant gecko zombie (D:6)
  6 giant newts
  2 gnoll zombies (Ossuary)
  15 goblins
  5 hobgoblin zombies (Ossuary)
  2 jackal skeletons (D:4)
  28 kobolds
  7 kobold zombies (Ossuary)
  4 orc zombies (Ossuary)
  A quokka skeleton (D:6)
  A quokka zombie (D:5)
  15 rats
  A butterfly (D:4)
  A fungus (Lair:8)
1374 creatures vanquished.

Vanquished Creatures (collateral kills)
  An ogre mage (D:13)
  Erolcha (D:9)
  An orc high priest (Orc:4)
  A deep elf knight (Elf:1)
  A deep elf conjurer (Elf:1)
  An orc knight (Orc:4)
  A troll (D:14)
  2 two-headed ogres (D:9)
  A deep elf fighter (Elf:1)
  A vampire mosquito (D:14)
  An orc warrior (Orc:4)
  A wyvern skeleton (D:14)
  A jackal (D:9)
14 creatures vanquished.

Vanquished Creatures (others)
  7 hydras
  A dancing weapon (Snake:1)
  An orc high priest (Orc:4)
  4 naga sharpshooters
  The ghost of Chiseanne the Skirmisher, an experienced DsWz of Gozag (D:6)
  An elephant (Lair:3)
  A guardian serpent (Snake:1)
  A black mamba (Lair:3)
  A torpor snail (Lair:8)
  3 spiny frogs
  6 komodo dragons
  A demonic crawler (Elf:1)
  A komodo dragon (shapeshifter) (Elf:2)
  A fire drake (D:8)
  3 two-headed ogres (D:9)
  2 blink frogs (Lair:3)
  2 deep elf fighters
  A deep elf mage (Elf:1)
  The ghost of Duffy the Poker, an average CeWr (D:4)
  2 wolves
  A naga (Snake:1)
  A black bear (D:6)
  2 centaurs
  An ogre (D:4)
  6 orc warriors
  A killer bee (D:8)
  A scorpion (D:5)
  4 orcs
  2 goblins
  A rat (D:7)
  11 fungi
  8 plants (Lair:8)
80 creatures vanquished.

Grand Total: 1468 creatures vanquished

Notes
Turn   | Place    | Note
--------------------------------------------------------------
     0 | Abyss:1  | hyperkellhus the Felid Abyssal Knight began the quest for the Orb.
     0 | Abyss:1  | Reached XP level 1. HP: 10/10 MP: 3/3
     0 | D:1      | Escaped the Abyss
   158 | D:1      | Acquired Lugonu's first power
   791 | D:2      | Noticed Terence
   837 | D:2      | Reached XP level 2. HP: 14/14 MP: 4/4
  1689 | D:2      | You fall through a shaft!
  2395 | D:3      | Reached XP level 3. HP: 12/17 MP: 5/5
  2767 | D:3      | Noticed Jessica
  2782 | D:3      | Killed Jessica
  2782 | D:3      | Acquired Lugonu's second power
  2782 | D:3      | Reached skill level 4 in Unarmed Combat
  2845 | D:3      | Reached XP level 4. HP: 21/21 MP: 6/6
  3455 | D:3      | Reached skill level 5 in Unarmed Combat
  3459 | D:3      | HP: 1/21 [orc priest/divine providence (10)]
  3758 | D:3      | Reached XP level 5. HP: 24/24 MP: 7/7
  4519 | D:2      | Reached skill level 6 in Unarmed Combat
  5103 | D:4      | Noticed an ogre
  5206 | D:4      | Found a staircase to the Ecumenical Temple.
  5212 | Temple   | Entered the Ecumenical Temple
  5403 | D:4      | Gained mutation: You are covered in thick fur (AC +2). [Felid growth]
  5403 | D:4      | Reached XP level 6. HP: 28/28 MP: 8/8
  5476 | D:4      | Noticed Duffy's ghost (average CeWr)
  5765 | D:5      | Entered Level 5 of the Dungeon
  5790 | D:5      | Acquired Lugonu's third power
  6140 | D:4      | Found a burning altar of Makhleb.
  6165 | D:4      | Found a shimmering altar of Xom.
  6483 | D:4      | Found a white marble altar of Elyvilon.
  6583 | D:4      | Reached skill level 7 in Unarmed Combat
  6889 | D:4      | Found a glowing silver altar of Zin.
  6889 | D:4      | Noticed an angel
  6946 | D:4      | Banished an ogre
  7125 | D:5      | Reached XP level 7. HP: 31/31 MP: 8/10
  8242 | D:4      | Banished Duffy's ghost
  8242 | D:4      | Reached skill level 5 in Invocations
  9157 | D:5      | Reached skill level 5 in Dodging
  9157 | D:5      | Reached XP level 8. HP: 23/36 MP: 10/12
  9950 | D:6      | Noticed Chiseanne's ghost (experienced DsWz)
 10450 | D:6      | Reached skill level 5 in Fighting
 10949 | D:6      | Found Jipnap's Book Shop.
 11118 | D:6      | Banished Chiseanne's ghost
 11118 | D:6      | Reached skill level 8 in Unarmed Combat
 11249 | D:6      | Noticed Eustachio
 11254 | D:6      | Banished Eustachio
 11254 | D:6      | Reached XP level 9. HP: 31/40 MP: 10/15
 11691 | D:2      | Killed Terence
 12267 | D:7      | Noticed Duvessa
 12267 | D:7      | Noticed Dowan
 12314 | D:7      | Killed Duvessa
 12316 | D:7      | Banished Dowan
 12411 | D:7      | Noticed Menkaure
 12615 | D:7      | Killed Menkaure
 12615 | D:7      | Reached skill level 9 in Unarmed Combat
 12664 | D:7      | Found a flagged portal.
 12687 | Bailey   | Entered a bailey
 12874 | Bailey   | HP: 1/40 [orc warrior/battleaxe (20)]
 13212 | D:7      | Found a sacrificial altar of Ru.
 13576 | D:7      | Reached skill level 10 in Unarmed Combat
 13881 | D:7      | Noticed Pikel
 13893 | D:7      | Banished Pikel
 14044 | D:7      | Reached XP level 10. HP: 45/45 MP: 17/17
 14259 | D:8      | Found a sand-covered staircase.
 14352 | Ossuary  | Entered an ossuary
 14535 | Ossuary  | Acquired Lugonu's fourth power
 14878 | D:8      | Found a staircase to the Lair.
 15454 | D:8      | Found a basalt altar of Yredelemnul.
 16493 | D:9      | Reached skill level 11 in Unarmed Combat
 18063 | D:9      | Noticed Maurice
 18078 | D:9      | Killed Maurice
 18078 | D:9      | Reached skill level 12 in Unarmed Combat
 18197 | D:9      | Found a shadowy altar of Dithmenos.
 18317 | D:9      | Reached XP level 11. HP: 46/50 MP: 16/18
 18591 | Lair:1   | Entered Level 1 of the Lair of Beasts
 19023 | D:10     | Entered Level 10 of the Dungeon
 20229 | D:8      | Reached skill level 13 in Unarmed Combat
 21303 | Lair:1   | Acquired Lugonu's fifth power
 22365 | Lair:1   | Reached skill level 14 in Unarmed Combat
 23978 | Lair:2   | Noticed a five-headed hydra
 23983 | Lair:2   | Banished a five-headed hydra
 24671 | Lair:2   | Reached skill level 10 in Invocations
 24681 | Lair:2   | Gained mutation: Your thick and shaggy fur keeps you warm (AC +3, rC+). [Felid growth]
 24681 | Lair:2   | Reached XP level 12. HP: 32/54 MP: 12/20
 26940 | Lair:3   | Reached skill level 10 in Dodging
 27419 | Lair:3   | Found a staircase to the Snake Pit.
 28624 | Lair:3   | Noticed a six-headed hydra
 28625 | Lair:3   | Banished a six-headed hydra
 30632 | Lair:4   | Noticed a seven-headed hydra
 30634 | Lair:4   | Banished a seven-headed hydra
 30634 | Lair:4   | Reached XP level 13. HP: 60/60 MP: 22/22
 31455 | Lair:5   | Reached skill level 15 in Unarmed Combat
 31523 | Lair:4   | Reached skill level 1 in Stealth
 32246 | Lair:5   | Reached skill level 5 in Stealth
 32713 | Lair:6   | Found a staircase to the Swamp.
 32969 | Lair:6   | Learned a level 2 spell: Ensorcelled Hibernation
 32973 | Lair:6   | Learned a level 3 spell: Confuse
 32975 | Lair:6   | Noticed Rupert
 33013 | Lair:6   | Reached skill level 1 in Hexes
 33697 | Lair:7   | Reached skill level 5 in Hexes
 33942 | Lair:7   | Found a staircase to the Slime Pits.
 34448 | Lair:7   | Reached skill level 1 in Spellcasting
 34916 | Lair:7   | Learned a level 3 spell: Tukima's Dance
 34935 | Lair:8   | Entered Level 8 of the Lair of Beasts
 36609 | Lair:8   | Reached XP level 14. HP: 64/64 MP: 14/23
 36901 | Lair:8   | Reached skill level 10 in Hexes
 36910 | Lair:8   | Reached skill level 10 in Stealth
 39894 | D:9      | Noticed Erolcha
 40008 | D:9      | Killed Erolcha
 40379 | D:6      | Bought a book of Party Tricks for 700 gold pieces
 40386 | D:6      | Learned a level 6 spell: Invisibility
 40561 | Lair:2   | Learned a level 1 spell: Apportation
 41156 | D:11     | Found a staircase to the Orcish Mines.
 42678 | D:13     | Found a gate to the Vaults.
 42681 | D:13     | Reached skill level 5 in Spellcasting
 42719 | D:13     | Found a stormy altar of Qazlal.
 42938 | D:13     | Noticed Sonja
 42941 | D:13     | Killed Sonja
 44257 | D:14     | Reached XP level 15. HP: 67/67 MP: 11/25
 44958 | D:15     | Entered Level 15 of the Dungeon
 45016 | D:15     | Found an opulent altar of Gozag.
 45402 | D:15     | Reached skill level 15 in Stealth
 45722 | D:15     | Reached skill level 1 in Ice Magic
 45724 | D:15     | Found a staircase to the Depths.
 46884 | Orc:1    | Entered Level 1 of the Orcish Mines
 46884 | Orc:1    | Found a roughly hewn altar of Beogh.
 47598 | Orc:2    | Found a roughly hewn altar of Beogh.
 47729 | Orc:1    | Found Qityos's Jewellery Shoppe.
 48040 | Orc:1    | Bought the ring of Qeawn {rF+ rC+ MR+ Str+2 Int+2} for 583 gold pieces
 49232 | Orc:3    | Found Xarrofey's Quality Used Wands.
 49495 | Orc:3    | Found a staircase to the Elven Halls.
 50741 | Orc:4    | Entered Level 4 of the Orcish Mines
 51391 | Orc:4    | Noticed Saint Roka
 51625 | Orc:4    | Found Poemekog's Magic Scroll Boutique.
 51863 | Orc:4    | Killed Saint Roka
 51863 | Orc:4    | Reached skill level 16 in Stealth
 52184 | Orc:4    | Found Zuveid's Book Boutique.
 52338 | Orc:4    | Found a staircase to the Elven Halls.
 53075 | Orc:4    | Found Eream's General Store.
 53360 | Orc:4    | Reached skill level 17 in Stealth
 53378 | Orc:4    | Found Yrremep's Distillery.
 53388 | Orc:4    | Found Vaptuboh's Armour Emporium.
 53561 | Orc:1    | Bought the ring of the Mage {Wiz MR++ Int+3} for 568 gold pieces
 53569 | Orc:1    | Learned a level 5 spell: Metabolic Englaciation
 53614 | Orc:3    | Bought a wand of heal wounds (0) for 288 gold pieces
 53718 | Orc:4    | Bought a potion of heal wounds for 60 gold pieces
 53718 | Orc:4    | Bought a potion of heal wounds for 60 gold pieces
 54082 | Lair:6   | Killed Rupert
 54451 | Snake:1  | Entered Level 1 of the Snake Pit
 54557 | Lair:3   | HP: 3/67 [poisoned by a black mamba]
 54563 | Lair:3   | HP: 2/67 [poisoned by a black mamba]
 54571 | Lair:3   | HP: 2/67 [poisoned by a black mamba]
 56446 | Snake:1  | Reached XP level 16. HP: 69/73 MP: 8/26
 56632 | Snake:1  | Reached skill level 10 in Fighting
 57630 | Elf:1    | Entered Level 1 of the Elven Halls
 58269 | Elf:1    | Identified the Almanac of Earthen Transmutation
 59142 | Elf:1    | Reached skill level 15 in Dodging
 59456 | Elf:1    | Found Moips's Antique Weapon Boutique.
 61126 | Elf:2    | Slain by a small abomination
 61127 | Elf:2    | Reached XP level 15. HP: -3/70 MP: 0/25
 61528 | Elf:2    | Found a huge runed gate.
 61528 | Elf:2    | Found a huge runed gate.
 61530 | Elf:2    | Found a huge runed gate.
 61531 | Elf:2    | Found a huge runed gate.
 61759 | Elf:2    | Found a huge runed gate.
 61762 | Elf:2    | Reached skill level 18 in Stealth
 62194 | Elf:2    | Identified a scroll of acquirement
 62196 | Elf:2    | Upgraded the game from 0.17-a0-1404-gb8113a6 to 0.17-a0-1421-g95311d7
 62375 | Elf:2    | Reached XP level 16. HP: 75/75 MP: 22/26
 62404 | Elf:2    | Reached skill level 19 in Stealth
 63437 | Orc:4    | Bought a book of Dreams for 975 gold pieces
 63444 | Orc:4    | Learned a level 6 spell: Mass Confusion
 63784 | Snake:2  | Reached skill level 20 in Stealth
 64145 | Snake:2  | Noticed Roxanne
 64918 | Snake:2  | Slain by a guardian serpent
 64919 | Snake:2  | Reached XP level 15. HP: -1/70 MP: 0/26
 64996 | Snake:2  | Slain by a guardian serpent

Vault maps used:
D:1:      dpeg_arrival_radiant
D:2:      first_bread, uniq_terence
D:3:      uniq_jessica
D:4:      xom_butterflies, zin_angel, kennysheep_little_box, elyvilon_altar_3,
          minmay_temple_entry_hall, hangedman_decor_push,
          hangedman_decor_clover_reticule
D:6:      serial_shops, shop, uniq_eustachio
D:7:      lemuel_doored_altar, enter_bailey_3, minmay_misc_feat_plants,
          uniq_pikel, uniq_menkaure, uniq_duvessa
D:8:      nicolae_overflow_crystal_walls, minmay_lair_entry_lava,
          enter_ossuary_3, grunt_livestock, minivault_5, moated_statue
D:9:      lemuel_ogre_cave, nicolae_dithmenos_shadow_blocks, uniq_maurice
D:11:     david_orc_3
D:13:     david_vaults_2, grunt_qazlal_clouds, uniq_sonja
D:14:     hangedman_abyss_or_decor_stabs, spider_trap, serial_park_tiny_2
D:15:     grunt_enter_depths_snipers, lemuel_coloured_pillars_altar
Temple:   circular_temple_pool_12
Lair:1:   portal_ice_cave_entry_imps
Lair:3:   minmay_snake_entry_guardpost_medium, lemuel_old_faithful
Lair:4:   boulder_quad_collide, minmay_stone_trees_small
Lair:6:   minmay_swamp_entry_swarm, uniq_rupert
Lair:7:   minmay_slime_entry_pillars, grunt_forest_large_clearing_hut
Lair:8:   hangedman_lair_caniforms_friends, hangedman_lair_in_review,
          minivault_25
Snake:1:  grunt_megastairs_4
Snake:2:  uniq_roxanne
Orc:1:    basic_altar, serial_shops, shop, statue_in_the_mist_lemuel
Orc:2:    basic_altar
Orc:3:    nicolae_orc_pool_cavern, nicolae_for_you_no_charge
Orc:4:    st_orc_elflike, serial_shops, nicolae_shop_statue_plus,
          uniq_saint_roka
Elf:1:    elf_arrival_002, serial_shops, nicolae_shop_behind_doors,
          hangedman_elven_crosses_minicolossus, einodemon_crawler_minivault
Elf:2:    nicolae_elf_big_sculpture_1, spider_trap
Ossuary:  ossuary_tomb_2
Bailey:   bailey_axe_4, bailey

Action                   |  1- 3 |  4- 6 |  7- 9 | 10-12 | 13-15 | 16-18 || total
-------------------------+-------+-------+-------+-------+-------+-------++-------
Melee: Unarmed           |   102 |   208 |   453 |  1214 |  1726 |   289 ||  3992
 Cast: Ensorcelled Hiber |       |       |       |       |   265 |    23 ||   288
       Confuse           |       |       |       |       |   115 |    26 ||   141
       Tukima's Dance    |       |       |       |       |    16 |     5 ||    21
       Invisibility      |       |       |       |       |    33 |    15 ||    48
       Mass Confusion    |       |       |       |       |       |     2 ||     2
       Metabolic Englaci |       |       |       |       |       |     1 ||     1
Invok: Depart the Abyss  |     1 |       |       |       |       |       ||     1
       Banish            |       |     1 |    19 |    32 |    22 |     6 ||    80
Evoke: Wand              |       |     5 |    10 |    17 |     1 |     4 ||    37
       Phantom mirror    |       |       |       |       |     1 |       ||     1
  Use: Potion            |       |     4 |     2 |     1 |     7 |     4 ||    18
       Scroll            |       |       |     5 |    18 |    20 |     3 ||    46
 Stab: Sleeping          |     5 |     3 |     6 |    10 |   230 |    65 ||   319
       Distracted        |       |       |     3 |     1 |    14 |     2 ||    20
       Confused          |       |       |       |       |    51 |    12 ||    63
       Invisible         |       |       |       |       |   114 |    41 ||   155
  Eat: Chunk             |    11 |     9 |    19 |    44 |    93 |    25 ||   201
       Meat ration       |       |       |       |       |       |     1 ||     1
       Royal jelly       |       |       |       |       |       |     1 ||     1
